 Dungeon Crawl Stone Soup version 0.23.1-38-g628c18f (webtiles) character file.

Game seed: 9021240729497938914

3283 esteth the Thaumaturge (level 10, -11/72 (73) HPs)
             Began as a Gnoll Wizard on Mar 28, 2019.
             Was a Believer of Ashenzari.
             Mangled by a two-headed ogre
             ... wielding a +0 giant club
              (17 damage)
             ... on level 8 of the Dungeon.
             The game lasted 00:17:05 (8480 turns).

esteth the Thaumaturge (Gnoll Wizard)               Turns: 8480, Time: 00:17:06

HP:   -11/72 (73)   AC:  4    Str:  9    XL:     10   Next: 0%
MP:   16/22         EV: 16    Int: 26    God:    Ashenzari [**....]
Gold: 321           SH:  0    Dex: 14    Spells: 15/26 levels left

rFire    . . .     SeeInvis .   f - +2 trident (venom)
rCold    . . .     Gourm    .   (no shield)
rNeg     . . .     Faith    .   a - +0 robe
rPois    +         Spirit   .   m - +0 helmet
rElec    .         Reflect  .   (no cloak)
rCorr    .         Harm     .   (no gloves)
MR       .....                  D - +0 pair of boots
Stlth    +++.......             k - amulet of the acrobat (curse)
HPRegen  0.22/turn              x - +2 ring of intelligence (curse)
MPRegen  0.18/turn              w - ring of poison resistance

@: no status effects
A: distributed training, fangs 1, strong nose
a: Curse Item, Scrying, Renounce Religion


You were on level 8 of the Dungeon.
You worshipped Ashenzari.
Ashenzari was pleased with you.
You were very hungry.

You visited 2 branches of the dungeon, and saw 9 of its levels.

You collected 321 gold pieces.

Inventory:

Hand Weapons
 c - a +3 dagger
 e - a +0 short sword
 f - a +2 trident of venom (weapon)
Armour
 a - a +0 robe (worn)
 m - a +0 helmet (worn)
 A - +0 storm dragon scales
 D - a +0 pair of boots (worn)
Magical Staves
 s - an uncursed staff of poison
Jewellery
 k - a cursed amulet of the acrobat (around neck)
 w - a ring of poison resistance (right hand)
 x - a cursed +2 ring of intelligence (left hand)
Wands
 y - a wand of acid (9)
Scrolls
 b - a scroll of acquirement {unknown}
 g - 11 scrolls of identify
 i - 3 scrolls of fog {unknown}
 n - 2 scrolls of blinking {unknown}
 o - 2 scrolls of random uselessness {unknown}
 t - a scroll of teleportation {unknown}
 B - a scroll of holy word {unknown}
 C - 2 scrolls of remove curse
Potions
 h - 3 potions of heal wounds
 j - a potion of berserk rage
 l - 2 potions of curing {unknown}
 q - 2 potions of flight
 r - 2 potions of mutation {unknown}
 u - 2 potions of brilliance {unknown}
 v - a potion of resistance {unknown}
 z - a potion of lignification {unknown}
Comestibles
 d - 18 rations


   Skills:
 + Level 4.7 Fighting
 + Level 4.7 Short Blades
 + Level 4.7 Long Blades
 + Level 4.7 Axes
 + Level 4.7 Maces & Flails
 + Level 4.7 Polearms
 + Level 4.7 Staves
 + Level 4.7 Slings
 + Level 4.7 Bows
 + Level 4.7 Crossbows
 + Level 4.7 Throwing
 + Level 4.7 Armour
 + Level 6.6 Dodging
 + Level 6.3 Stealth
 + Level 4.7 Shields
 + Level 4.7 Unarmed Combat
 + Level 8.6 Spellcasting
 + Level 4.5(5.9) Conjurations
 + Level 3.9(5.2) Hexes
 + Level 3.9(5.2) Charms
 + Level 4.5(5.9) Summonings
 + Level 3.9(5.2) Necromancy
 + Level 4.5(5.9) Translocations
 + Level 3.9(5.2) Transmutations
 + Level 3.9(5.2) Fire Magic
 + Level 3.9(5.2) Ice Magic
 + Level 3.9(5.2) Air Magic
 + Level 3.9(5.2) Earth Magic
 + Level 3.9(5.2) Poison Magic
 + Level 5.2 Invocations
 + Level 4.7(6.1) Evocations


You had 15 spell levels left.
You knew the following spells:

 Your Spells              Type           Power        Failure   Level  Hunger
a - Magic Dart            Conj           ####         1%          1    None
b - Blink                 Tloc           N/A          1%          2    None
c - Call Imp              Summ           #####...     1%          2    None
d - Conjure Flame         Conj/Fire      #####...     1%          3    None
e - Mephitic Cloud        Conj/Pois/Air  #####...     1%          3    None

Your spell library contained the following spells:

 Spells                   Type           Power        Failure   Level  Hunger
 Slow                     Hex            #####...     1%          2    None


Dungeon Overview and Level Annotations

Branches:
Dungeon (8/15)             Temple (1/1) D:4
   Lair: D:8-11

Altars:
Ashenzari
Cheibriados
Dithmenos
Elyvilon
Fedhas
Gozag
Hepliaklqana
Kikubaaqudgha
Makhleb
Nemelex Xobeh
Okawaru
Qazlal
Ru
Sif Muna
Trog
Vehumet
Yredelemnul
Zin
The Shining One

Shops:
D:3 *   D:6 (

Annotations:
D:7 2 transporters


Innate Abilities, Weirdness & Mutations

Your experience applies equally to all skills.
You have very sharp teeth.
Your uncanny sense of smell can sniff out nearby items.


Message History

The two-headed ogre hits you with a +0 giant club!!
You hit the two-headed ogre.
You kill the two-headed ogre!
Your Invocations skill increases to level 5!
You have reached level 10!
The killer bee zombie closely misses you.
You hit the two-headed ogre.
The two-headed ogre is poisoned.
The two-headed ogre is lightly wounded.
The killer bee zombie hits you. The two-headed ogre closely misses you.
The two-headed ogre completely misses you.
The killer bee zombie hits you but does no damage.
You hit the two-headed ogre.
The two-headed ogre looks as sick as possible!
You bite the two-headed ogre, but do no damage.
The two-headed ogre is lightly wounded.
The killer bee zombie completely misses you.
The two-headed ogre hits you with a +0 giant club!!
* * * LOW HITPOINT WARNING * * *
The two-headed ogre hits you with a +0 giant club!
You die...

, *##..* ..## , ,
#####...####.... ,
.........(........
....................
..........$.........
≈ ,
....................*
....................
*
,.......O@......."..#
, ,,
..[...°☼Z..........#
≈
.......°.<.........#
, .(.[...........###
...................#
.............##.####
, ................# ,
................. * *
..........##.....# *


You could see a two-headed ogre and a killer bee zombie.

Vanquished Creatures
  A two-headed ogre (D:8)
  A water moccasin (D:7)
  A sky beast (D:5)
  3 phantoms
  5 ogres
  5 centaurs
  A bullfrog (D:6)
  3 killer bees (D:7)
  An electric eel (D:6)
  2 crimson imps
  A centaur zombie (D:5)
  10 hounds
  A bullfrog zombie (D:7)
  An orc priest (D:5)
  3 centaur skeletons
  3 iguanas
  7 worker ants
  7 orc wizards
  A hound skeleton (D:4)
  6 adders
  An ooze (D:1)
  An adder skeleton (D:4)
  7 worms
  3 dart slugs
  2 leopard geckos
  22 orcs
  A bat (D:3)
  5 giant cockroaches
  4 goblins
  3 hobgoblins (D:2)
  2 jackals (D:6)
  6 kobolds
  3 quokkas
  2 frilled lizards (D:2)
  A giant cockroach zombie (D:5)
  A leopard gecko zombie (D:7)
  18 rats
145 creatures vanquished.

Vanquished Creatures (collateral kills)
  A necrophage (D:7)
1 creature vanquished.

Grand Total: 146 creatures vanquished

Notes
Turn   | Place    | Note
-------+----------+-------------------------------------------
     0 | D:1      | esteth the Gnoll Wizard began the quest for the Orb.
     0 | D:1      | Reached XP level 1. HP: 13/13 MP: 8/8
    38 | D:1      | You fall through a shaft!
    57 | D:1      | Reached XP level 2. HP: 13/19 MP: 2/10
   126 | D:1      | Learned a level 2 spell: Blink
   129 | D:1      | Learned a level 2 spell: Call Imp
   363 | D:1      | Reached XP level 3. HP: 25/25 MP: 1/11
   440 | D:1      | Learned a level 3 spell: Conjure Flame
   444 | D:1      | Learned a level 3 spell: Mephitic Cloud
   850 | D:2      | Reached skill level 1 in Invocations
  1018 | D:2      | Reached skill level 1 in Fighting
  1018 | D:2      | Reached skill level 1 in Short Blades
  1018 | D:2      | Reached skill level 1 in Long Blades
  1018 | D:2      | Reached skill level 1 in Axes
  1018 | D:2      | Reached skill level 1 in Maces & Flails
  1018 | D:2      | Reached skill level 1 in Polearms
  1018 | D:2      | Reached skill level 1 in Staves
  1018 | D:2      | Reached skill level 1 in Slings
  1018 | D:2      | Reached skill level 1 in Bows
  1018 | D:2      | Reached skill level 1 in Crossbows
  1018 | D:2      | Reached skill level 1 in Throwing
  1018 | D:2      | Reached skill level 1 in Armour
  1018 | D:2      | Reached skill level 1 in Shields
  1018 | D:2      | Reached skill level 1 in Unarmed Combat
  1018 | D:2      | Reached skill level 1 in Evocations
  1018 | D:2      | Reached XP level 4. HP: 32/32 MP: 1/13
  1766 | D:3      | Reached skill level 1 in Hexes
  1766 | D:3      | Reached skill level 1 in Charms
  1766 | D:3      | Reached skill level 1 in Necromancy
  1766 | D:3      | Reached skill level 1 in Transmutations
  1766 | D:3      | Reached skill level 1 in Fire Magic
  1766 | D:3      | Reached skill level 1 in Ice Magic
  1766 | D:3      | Reached skill level 1 in Air Magic
  1766 | D:3      | Reached skill level 1 in Earth Magic
  1766 | D:3      | Reached skill level 1 in Poison Magic
  2044 | D:3      | Reached XP level 5. HP: 24/37 MP: 4/14
  2274 | D:3      | Found a hazy altar of Hepliaklqana.
  2643 | D:3      | Found Zin's Purification Station.
  2644 | D:3      | Found a glowing silver altar of Zin.
  2738 | D:3      | Found a faded altar of an unknown god.
  3107 | D:4      | Found a staircase to the Ecumenical Temple.
  3191 | Temple   | Entered the Ecumenical Temple
  3337 | Temple   | Became a worshipper of Ashenzari the Shackled
  3614 | D:4      | Reached XP level 6. HP: 43/44 MP: 16/16
  3679 | D:4      | Reached skill level 5 in Dodging
  4309 | D:5      | Entered Level 5 of the Dungeon
  4444 | D:5      | Reached XP level 7. HP: 33/50 MP: 18/18
  4670 | D:5      | Reached skill level 5 in Stealth
  4995 | D:5      | Reached XP level 8. HP: 19/57 MP: 13/19
  5672 | D:6      | Found Hoilunur's Antique Weapon Shop.
  5686 | D:6      | Reached skill level 8 in Spellcasting
  6052 | D:6      | Found a stormy altar of Qazlal.
  6137 | D:6      | Reached * piety under Ashenzari
  6166 | D:6      | Reached XP level 9. HP: 34/65 MP: 21/21
  7402 | D:7      | Found a transporter.
  7408 | D:7      | Found a transporter.
  7409 | D:7      | Noticed a troll
  7419 | D:7      | Found an opulent altar of Gozag.
  8340 | D:7      | Reached ** piety under Ashenzari
  8456 | D:8      | Noticed a two-headed ogre
  8472 | D:8      | Noticed a two-headed ogre
  8478 | D:8      | Killed a two-headed ogre
  8478 | D:8      | Reached skill level 5 in Invocations
  8478 | D:8      | Reached XP level 10. HP: 41/72 MP: 15/22
  8480 | D:8      | Mangled by a two-headed ogre

Skill      XL: |  1  2  3  4  5  6  7  8  9 |
---------------+----------------------------+-----
Conjurations   | 2 3 4 |  4.5
Summonings     | 2 3 4 |  4.5
Translocations | 2 3 4 |  4.5
Invocations    | 1 2 3 4 5 |  5.2
Fighting       | 1 2 3 4 |  4.7
Short Blades   | 1 2 3 4 |  4.7
Long Blades    | 1 2 3 4 |  4.7
Axes           | 1 2 3 4 |  4.7
Maces & Flails | 1 2 3 4 |  4.7
Polearms       | 1 2 3 4 |  4.7
Staves         | 1 2 3 4 |  4.7
Slings         | 1 2 3 4 |  4.7
Bows           | 1 2 3 4 |  4.7
Crossbows      | 1 2 3 4 |  4.7
Throwing       | 1 2 3 4 |  4.7
Armour         | 1 2 3 4 |  4.7
Shields        | 1 2 3 4 |  4.7
Unarmed Combat | 1 2 3 4 |  4.7
Evocations     | 1 2 3 4 |  4.7
Hexes          | 1 2 3 |  3.9
Charms         | 1 2 3 |  3.9
Necromancy     | 1 2 3 |  3.9
Transmutations | 1 2 3 |  3.9
Fire Magic     | 1 2 3 |  3.9
Ice Magic      | 1 2 3 |  3.9
Air Magic      | 1 2 3 |  3.9
Earth Magic    | 1 2 3 |  3.9
Poison Magic   | 1 2 3 |  3.9
Dodging        | 5 6 |  6.6
Stealth        | 5 6 |  6.3
Spellcasting   | 8 |  8.6

Action                   |  1- 3 |  4- 6 |  7- 9 | 10-12 || total
-------------------------+-------+-------+-------+-------++-------
Melee: Short sword       |    19 |     6 |       |       ||    25
       Bite              |       |    13 |    16 |     1 ||    30
       Trident           |       |    77 |   288 |     2 ||   367
       Punch             |       |       |     5 |       ||     5
 Cast: Magic Dart        |    70 |    65 |    10 |       ||   145
       Blink             |       |     4 |     1 |       ||     5
       Mephitic Cloud    |       |     1 |    10 |       ||    11
       Conjure Flame     |       |       |     2 |       ||     2
       Call Imp          |       |       |     3 |       ||     3
Invok: Curse Item        |       |     2 |       |       ||     2
Evoke: Wand              |       |       |     1 |       ||     1
  Use: Scroll            |     1 |     1 |       |       ||     2
       Potion            |       |     4 |       |       ||     4
 Stab: Sleeping          |       |     4 |    11 |       ||    15
       Confused          |       |     1 |     2 |       ||     3
  Eat: Chunk             |       |     7 |     9 |       ||    16
       Ration            |       |     1 |     1 |       ||     2
Armor: Robe              |     2 |    17 |    32 |     1 ||    52
Dodge: Dodged            |    23 |    71 |   205 |     4 ||   303
